 Dungeon Crawl Stone Soup version 0.17.0-28-g6e173f8 (console) character file.

62926 Kloppie the Purifying Orc (level 15, -7/154 HPs)
             Began as a Hill Orc Fighter on Nov 22, 2015.
             Was a High Priest of Elyvilon.
             Mangled by SaintRoka's ghost (14 damage)
             ... in an ice cave.
             The game lasted 00:44:19 (22347 turns).

Kloppie the Purifying Orc (Hill Orc Fighter)       Turns: 22347, Time: 00:44:19

Health: -7/154     AC: 23    Str: 28    XL:     15   Next: 7%
Magic:  25/27      EV:  7    Int:  8    God:    Elyvilon [*****.]
Gold:   1521       SH: 10    Dex: 15    Spells: 0 memorised, 14 levels left

rFire  + . .     SeeInvis +     a - +1 war axe (venom)
rCold  . . .     Clarity  .     F - +2 chain mail "Heisch" {Str+2 SInv}
rNeg   . . .     SustAt   .     c - +0 shield
rPois  +         Gourm    .     R - +1 hat
rElec  .         Spirit   .     C - +0 cloak
rCorr  .         Warding  .     w - +0 pair of gloves
rMut   .         Stasis   .     H - +2 pair of boots
MR     +....                    y - amulet of Vitality {Regen+ HP+15}
Stlth  ..........               g - ring of protection from fire
                                u - ring of poison resistance

@: mighty, exhausted, slowed, very slow, somewhat resistant to hostile
enchantments, extremely unstealthy
A: no striking features
a: Lesser Healing, Heal Other, Purification, Greater Healing, Divine Vigour,
Divine Protection, Renounce Religion


You were in an ice cave.
You worshipped Elyvilon.
Elyvilon was extremely pleased with you.
You were not hungry.

You visited 4 branches of the dungeon, and saw 22 of its levels.
You also visited: Labyrinth and Ice Cave.

You collected 1771 gold pieces.
You spent 250 gold pieces at shops.

Inventory:

Hand Weapons
 a - a +1 war axe of venom (weapon)
Armour
 c - a +0 shield (worn)
 w - a +0 pair of gloves (worn)
 C - a +0 cloak (worn)
 F - the +2 chain mail "Heisch" (worn) {Str+2 SInv}
   (You bought it in a shop on level 5 of the Dungeon)

   It affects your strength (+2).
   It lets you see invisible.
 H - a +2 pair of boots (worn)
 R - a +1 hat (worn)
Jewellery
 f - an uncursed ring of protection from magic
 g - a ring of protection from fire (right hand)
 l - an uncursed amulet of stasis
 r - an uncursed ring of sustain attributes
 u - a ring of poison resistance (left hand)
 x - an uncursed ring of flight
 y - the amulet of Vitality (around neck) {Regen+ HP+15}
   (You found it in a labyrinth)

   [amulet of regeneration]

   It affects your health (+15).
   It increases your rate of regeneration.
 G - an uncursed amulet of resist corrosion
Wands
 z - a wand of digging (18)
 S - a wand of paralysis (16)
 U - a wand of digging (12)
Scrolls
 b - 9 scrolls of teleportation
 j - 3 scrolls of fear
 m - a scroll of recharging
 p - 9 scrolls of remove curse
 t - 5 scrolls of identify
 J - 2 scrolls of blinking
 M - 2 scrolls of fog
 N - 3 scrolls of holy word
 P - 2 scrolls of magic mapping
Potions
 i - a potion of cure mutation
 k - 13 potions of curing
 n - 3 potions of lignification
 o - a potion of agility
 q - 4 potions of haste
 s - 3 potions of invisibility
 v - 3 potions of resistance
 B - 3 potions of heal wounds
 E - a potion of ambrosia
 K - 5 potions of brilliance
 Q - a potion of cancellation
Comestibles
 e - 9 bread rations
 h - 10 meat rations


   Skills:
 - Level 14.5 Fighting
 - Level 16.0 Axes
 - Level 15.0 Armour
 + Level 1.7 Dodging
 - Level 3.2 Shields
 - Level 16.4 Invocations


You had 14 spell levels left.
You didn't know any spells.

Dungeon Overview and Level Annotations

Branches:
Dungeon (11/15)            Temple (1/1) D:6            Lair (8/8) D:11
 Shoals (0/4) Lair:3       Spider (0/4) Lair:5        Slime (0/6) Lair:8
    Orc (2/4) D:11

Altars:
Ashenzari
Cheibriados
Dithmenos
Elyvilon
Fedhas
Gozag
Kikubaaqudgha
Makhleb
Nemelex Xobeh
Okawaru
Qazlal
Ru
Sif Muna
Trog
Vehumet
Xom
Yredelemnul
Zin
The Shining One

Shops:
D:4 }((*   D:5 [*[(   D:9 }

Annotations:
IceCv SaintRoka's ghost, adept OgGl


Message History

You block SaintRoka's ghost's attack.
You hit SaintRoka's ghost but do no damage.
SaintRoka's ghost is heavily damaged.
SaintRoka's ghost hits you!
* * * LOW HITPOINT WARNING * * *
You are healed.
You feel somewhat more hungry. You block SaintRoka's ghost's attack.
You closely miss SaintRoka's ghost.
SaintRoka's ghost is heavily damaged.
SaintRoka's ghost hits you!!
* * * LOW HITPOINT WARNING * * *
You slice SaintRoka's ghost!!
SaintRoka's ghost is heavily damaged.
SaintRoka's ghost hits you!!
* * * LOW HITPOINT WARNING * * *
SaintRoka's ghost hits you but does no damage.
You miss SaintRoka's ghost.
SaintRoka's ghost is heavily damaged.
SaintRoka's ghost hits you!
You die...

#### ##..######
##....##..##
#..........##
#.∩.∩......@#
#.......##..W5#
##....#####..##
##..## ####
####


You could see SaintRoka's ghost and a white imp.

Vanquished Creatures
  Gastronok (D:10)
  Kirke (Lair:7)
  Maud (Lair:5)
  A minotaur (Lab)
  Josephine (D:10)
  A catoblepas (Lair:8)
  Harold (Lair:3)
  Erica (D:11)
  A deep troll shaman (Lair:8)
  15 death yaks
  Nergalle (Lair:3)
  The ghost of benitares the Fighter, a novice VSFi of Okawaru (D:8)
  A lindwurm (Lair:8)
  An orc knight (Orc:1)
  2 hill giants
  An oklob plant (Lair:6)
  A griffon (Lair:4)
  The ghost of Glider the Changer, a novice OpTm of Dithmenos (D:6)
  A cyclops (D:11)
  A centaur zombie (D:10)
  13 elephants
  13 komodo dragons
  11 spiny frogs
  A torpor snail (Lair:4)
  6 black mambas
  9 blink frogs
  3 trolls
  The ghost of Olekman the Firebug, an amateur DrFE (D:4)
  A two-headed ogre (D:9)
  A boulder beetle (Lair:5)
  2 slime creatures (Lair:8)
  48 yaks
  3 wyverns
  A deep elf fighter (D:11)
  A hog (Lair:7)
  2 basilisks
  2 hungry ghosts (D:9)
  6 hippogriffs
  6 wraiths
  2 steam dragons
  17 wolves
  Menkaure (D:5)
  A warg (Orc:1)
  11 water moccasins
  8 porcupines
  2 sky beasts
  3 ice beasts
  4 orc warriors
  A necrophage (D:7)
  4 black bears
  2 eyes of draining
  3 phantoms
  3 centaurs
  13 crocodiles
  13 ogres
  3 big kobolds
  A gnoll sergeant (D:9)
  8 giant frogs
  4 killer bees (D:11)
  3 scorpions
  A water moccasin skeleton (D:8)
  3 troll zombies (D:11)
  4 crimson imps
  4 lava snakes (Lab)
  4 giant frog zombies
  9 hounds
  5 jellies
  4 orc wizards
  Crazy Yiuf (D:2)
  9 orc priests
  A centaur skeleton (D:8)
  9 worker ants
  13 iguanas
  A killer bee zombie (D:10)
  19 sheep
  6 hell rats (Lair:7)
  3 ogre zombies (D:11)
  4 hound zombies
  A worker ant zombie (D:6)
  7 gnolls
  16 adders
  54 river rats
  15 white imps
  4 shadow imps
  4 ufetubi (IceCv)
  An adder zombie (D:9)
  4 worms
  2 adder skeletons (D:5)
  3 giant geckos
  50 orcs
  3 ball pythons
  6 giant cockroaches
  9 goblins
  9 hobgoblins
  14 jackals
  2 quokkas
  18 bats
  4 giant newts
  4 goblin zombies (D:11)
  A hobgoblin skeleton (D:11)
  3 hobgoblin zombies (D:11)
  2 jackal zombies (D:6)
  20 kobolds
  3 orc skeletons (D:11)
  8 orc zombies (D:11)
  33 rats
  14 fungi
  16 plants
702 creatures vanquished.

Vanquished Creatures (others)
  2 humans (Lair:7)
  3 ufetubi (IceCv)
  8 fungi
  2 plants
15 creatures vanquished.

Grand Total: 717 creatures vanquished

Notes
Turn   | Place    | Note
--------------------------------------------------------------
     0 | D:1      | Kloppie the Hill Orc Fighter began the quest for the Orb.
     0 | D:1      | Reached XP level 1. HP: 19/19 MP: 1/1
   116 | D:1      | Reached XP level 2. HP: 27/27 MP: 2/2
   240 | D:1      | Reached skill level 4 in Fighting
   291 | D:1      | Reached XP level 3. HP: 25/33 MP: 3/3
   752 | D:2      | Found a glowing silver altar of Zin.
   976 | D:2      | Reached XP level 4. HP: 18/41 MP: 4/4
  1728 | D:3      | Reached skill level 5 in Axes
  1743 | D:3      | Reached skill level 5 in Fighting
  2066 | D:3      | Reached XP level 5. HP: 48/48 MP: 5/5
  2239 | D:4      | Noticed Olekman's ghost (amateur DrFE)
  2242 | D:4      | Found Wuizog's General Store.
  2389 | D:4      | Noticed an ogre
  2612 | D:4      | Killed an ogre
  2612 | D:4      | Reached skill level 6 in Fighting
  2612 | D:4      | Reached XP level 6. HP: 49/57 MP: 6/6
  2668 | D:4      | Noticed an ogre
  2675 | D:4      | Killed an ogre
  3046 | D:4      | Killed Olekman's ghost
  3046 | D:4      | Reached skill level 7 in Fighting
  3046 | D:4      | Reached XP level 7. HP: 31/66 MP: 7/7
  3331 | D:4      | Found Relidam's Weapon Emporium.
  3350 | D:4      | Found Akleodonwo's Weapon Boutique.
  3352 | D:4      | Found Sauhyir's Gadget Emporium.
  3628 | D:2      | Noticed Crazy Yiuf
  3634 | D:2      | Killed Crazy Yiuf
  3634 | D:2      | Reached skill level 8 in Axes
  3737 | D:5      | Entered Level 5 of the Dungeon
  3778 | D:5      | Found Laar's Antique Armour Shop.
  3796 | D:5      | Bought a jewelled chain mail for 228 gold pieces
  3822 | D:5      | Identified the +2 chain mail "Heisch" {Str+2 SInv} (You bought it in a shop on level 5 of the Dungeon)
  3927 | D:5      | Reached XP level 8. HP: 41/74 MP: 8/8
  4025 | D:5      | Found an ancient bone altar of Kikubaaqudgha.
  4148 | D:5      | Noticed Menkaure
  4153 | D:5      | Killed Menkaure
  4153 | D:5      | Reached skill level 9 in Axes
  4307 | D:5      | Found Okigeo's Antique Weapon Boutique.
  4380 | D:5      | Found Bimuniu's General Store.
  4407 | D:5      | Bought a scroll of identify for 22 gold pieces
  4487 | D:5      | Found Diqomol's Antique Armour Emporium.
  4661 | D:6      | Found a staircase to the Ecumenical Temple.
  4667 | Temple   | Entered the Ecumenical Temple
  4889 | D:6      | Noticed Glider's ghost (novice OpTm)
  4907 | D:6      | Killed Glider's ghost
  4907 | D:6      | Reached skill level 10 in Axes
  5032 | D:6      | Reached XP level 9. HP: 51/85 MP: 9/9
  5107 | D:6      | Reached skill level 10 in Fighting
  5208 | D:6      | Reached skill level 11 in Axes
  5536 | D:6      | Found an iron altar of Okawaru.
  6369 | D:7      | Reached skill level 12 in Axes
  6671 | D:8      | Noticed benitares's ghost (novice VSFi)
  6696 | D:8      | Killed benitares's ghost
  6696 | D:8      | Reached skill level 5 in Armour
  6696 | D:8      | Reached XP level 10. HP: 29/95 MP: 10/10
  7153 | D:8      | Reached skill level 13 in Axes
  7176 | D:8      | Found a sparkling altar of Nemelex Xobeh.
  7232 | D:8      | Found a glowing golden altar of the Shining One.
  7236 | D:8      | Found an opulent altar of Gozag.
  7236 | D:8      | Found a white marble altar of Elyvilon.
  7237 | D:8      | Found a blossoming altar of Fedhas.
  7253 | D:8      | Became a worshipper of Elyvilon the Healer
  7345 | D:8      | Found an opulent altar of Gozag.
  7400 | D:8      | Reached skill level 1 in Invocations
  7413 | D:8      | Found a radiant altar of Vehumet.
  7419 | D:8      | Got a translucent scale mail
  7430 | D:8      | Identified the +1 scale mail "Kyur" {rF+ Str+4} (You found it on level 8 of the Dungeon)
  8094 | D:9      | Reached skill level 5 in Invocations
  8268 | D:9      | Reached * piety under Elyvilon
  8462 | D:9      | Found Quemepn's Gadget Shop.
  8859 | D:9      | Reached XP level 11. HP: 102/102 MP: 16/16
  9103 | D:10     | Entered Level 10 of the Dungeon
  9227 | D:10     | Noticed Josephine
  9243 | D:10     | Killed Josephine
  9605 | D:10     | Reached ** piety under Elyvilon
  9649 | D:10     | Reached skill level 10 in Armour
  9681 | D:10     | Found a bloodstained altar of Trog.
  9682 | D:10     | Noticed a hill giant
  9889 | D:10     | Killed a hill giant
 10040 | D:10     | Reached skill level 14 in Axes
 10056 | D:10     | Noticed Gastronok
 10071 | D:10     | Killed Gastronok
 10100 | D:10     | Got a faintly glowing long sword
 10104 | D:10     | Identified the +9 long sword of Sin {freeze, rElec SInv} (You found it on level 10 of the Dungeon)
 10382 | D:11     | Noticed a hill giant
 10594 | D:11     | Killed a hill giant
 10908 | D:11     | Found a staircase to the Orcish Mines.
 10923 | D:11     | Reached XP level 12. HP: 89/110 MP: 18/18
 11014 | D:11     | Noticed Erica
 11028 | D:11     | Killed Erica
 11028 | D:11     | Reached skill level 15 in Axes
 11200 | D:11     | Reached *** piety under Elyvilon
 11413 | D:11     | Found a staircase to the Lair.
 11666 | Lair:1   | Entered Level 1 of the Lair of Beasts
 12024 | Lair:1   | Reached **** piety under Elyvilon
 12463 | Lair:2   | Reached skill level 16 in Axes
 13591 | Lair:3   | Reached skill level 10 in Invocations
 13623 | Lair:3   | Reached ***** piety under Elyvilon
 13665 | Lair:3   | Noticed Nergalle
 13688 | Lair:3   | Noticed a spectral orc warlord
 13691 | Lair:3   | Killed Nergalle
 13691 | Lair:3   | Reached XP level 13. HP: 65/116 MP: 20/20
 13703 | Lair:3   | Found a staircase to the Shoals.
 13849 | Lair:3   | Noticed Harold
 13872 | Lair:3   | Killed Harold
 15059 | Lair:4   | Found a labyrinth entrance.
 15110 | Lab      | Entered a labyrinth
 15344 | Lab      | Noticed a minotaur
 15350 | Lab      | Killed a minotaur
 15360 | Lab      | Got a transparent falchion {slice}
 15651 | Lair:1   | Identified a +7 rod of destruction (11/11) (You found it in a labyrinth)
 15654 | Lair:1   | Identified the +8 falchion of Propriety {slice, -Tele rF+ rN+ Int+4} (You took it off a minotaur in a labyrinth)
 16578 | Lair:5   | Found a hole to the Spider Nest.
 16614 | Lair:5   | Reached skill level 15 in Armour
 16646 | Lair:5   | Noticed Maud
 16661 | Lair:5   | Killed Maud
 17657 | Lair:6   | Reached XP level 14. HP: 125/125 MP: 24/24
 18417 | Lair:6   | Found an iron altar of Okawaru.
 18810 | Lair:7   | Noticed Nessos
 18818 | Lair:7   | Noticed Kirke
 19083 | Lair:7   | Pacified Nessos
 19130 | Lair:7   | Killed Kirke
 19571 | Lair:7   | Reached skill level 15 in Invocations
 20184 | Lair:8   | Entered Level 8 of the Lair of Beasts
 20429 | Lair:8   | Found a staircase to the Slime Pits.
 21336 | Lair:8   | Reached XP level 15. HP: 139/139 MP: 27/27
 21878 | Orc:1    | Entered Level 1 of the Orcish Mines
 22019 | Orc:1    | Reached skill level 1 in Dodging
 22254 | Orc:1    | Found a frozen archway.
 22294 | IceCv    | Entered an ice cave
 22301 | IceCv    | Noticed SaintRoka's ghost (adept OgGl)
 22346 | IceCv    | HP: 6/154 [SaintRoka's ghost (30)]
 22347 | IceCv    | Mangled by SaintRoka's ghost

Action                   |  1- 3 |  4- 6 |  7- 9 | 10-12 | 13-15 || total
-------------------------+-------+-------+-------+-------+-------++-------
Melee: War axe           |   122 |   192 |   343 |   969 |  1110 ||  2736
Invok: Heal Other        |       |       |       |       |    10 ||    10
       Greater Healing   |       |       |       |       |     4 ||     4
 Abil: Stop Flying       |       |       |       |       |     1 ||     1
       Evoke Flight      |       |       |       |       |     1 ||     1
Evoke: Wand              |       |       |     2 |       |     1 ||     3
  Use: Scroll            |       |       |    11 |    11 |     8 ||    30
       Potion            |       |       |     1 |       |     4 ||     5
 Stab: Confused          |       |       |     1 |       |       ||     1
       Petrifying        |       |       |       |       |     1 ||     1
       Petrified         |       |       |       |       |     1 ||     1
  Eat: Chunk             |       |     7 |     5 |    23 |    19 ||    54
       Fruit             |       |       |     3 |       |     2 ||     5
       Bread ration      |       |       |     1 |       |     1 ||     2
       Beef jerky        |       |       |       |     7 |     1 ||     8
       Pizza             |       |       |       |       |     6 ||     6
       Meat ration       |       |       |       |       |     1 ||     1
